 Dungeon Crawl Stone Soup version 0.31-a0-267-g3fc6992b3b (webtiles) character file.

Game seed: 14260231151668352841

9 British0li the Sneak (level 2, 0/24 HPs)
             Began as a Demonspawn Delver on July 14, 2023.
             Slain by a hobgoblin zombie (3 damage)
             ... in an ossuary.
             The game lasted 00:00:38 (125 turns).

British0li the Sneak (Demonspawn Delver)             Turns: 125, Time: 00:00:39

Health: 0/24       AC:  3    Str: 12    XL:     2   Next: 6%
Magic:  2/2        EV: 12    Int: 11    God:
Gold:   0          SH:  0    Dex: 14    Spells: 1/1 levels left

rFire   . . .        a - +0 falchion
rCold   . . .        (no shield)
rNeg    . . .        b - +0 leather armour
rPois   .            (no helmet)
rElec   .            (no cloak)
rCorr   .            (no gloves)
SInv    .            (no boots)
Will    .....        (no amulet)
Stlth   +++          (no ring)
HPRegen 0.24/turn    (no ring)
MPRegen 0.16/turn

%: no passive effects
@: no status effects
A: magic regeneration
a: no special abilities


You were in an ossuary.
You visited 1 branch of the dungeon, and saw 1 of its levels.
You also visited: Ossuary.

Inventory:

Hand Weapons
 a - a +0 falchion (weapon)
Armour
 b - a +0 leather armour (worn)
Wands
 g - a wand of digging (3)
Scrolls
 c - a scroll of fog
 e - a scroll of fear
Potions
 f - a potion of haste


   Skills:
 + Level 3.1 Fighting
 + Level 2.0 Long Blades
 + Level 2.0 Dodging
 + Level 4.6 Stealth


You had one spell level left.
You didn't know any spells.
Your spell library was empty.

Dungeon Overview and Level Annotations

Branches:
Dungeon (5/15)            Ossuary (1/1)
 Temple: D:4-7

Altars:


Innate Abilities, Weirdness & Mutations

You regenerate magic rapidly.


Message History

A kobold zombie, 4 hobgoblin zombies and a water moccasin zombie come into view.
There are monsters nearby!
There is an open door here.
The kobold zombie hits you but does no damage.
The water moccasin zombie closely misses you.
The hobgoblin zombie barely misses you.
The kobold zombie hits you but does no damage.
The water moccasin zombie bites you. The hobgoblin zombie hits you.
The water moccasin zombie completely misses you.
The hobgoblin zombie hits you.
The kobold zombie hits you but does no damage.
The hobgoblin zombie barely misses you.
The water moccasin zombie completely misses you.
The water moccasin zombie bites you. The hobgoblin zombie hits you.
The kobold zombie hits you but does no damage.
The hobgoblin zombie misses you.
The water moccasin zombie closely misses you.
The hobgoblin zombie hits you but does no damage.
The kobold zombie hits you. The hobgoblin zombie barely misses you.
The water moccasin zombie barely misses you.
The hobgoblin zombie hits you.
The kobold zombie hits you but does no damage.
The hobgoblin zombie hits you but does no damage.
The water moccasin zombie barely misses you.
The water moccasin zombie bites you.
The hobgoblin zombie completely misses you.
The kobold zombie barely misses you. The hobgoblin zombie hits you.
The water moccasin zombie bites you!
* * * LOW HITPOINT WARNING * * *
The water moccasin zombie closely misses you.
The hobgoblin zombie hits you but does no damage.
The kobold zombie hits you.
* * * LOW HITPOINT WARNING * * *
The hobgoblin zombie hits you.
* * * LOW HITPOINT WARNING * * *
The water moccasin zombie bites you but does no damage.
The hobgoblin zombie barely misses you. The kobold zombie hits you.
* * * LOW HITPOINT WARNING * * *
The hobgoblin zombie hits you.
You die... #+### #...# #ZZ.# #ZZZ#

#Z@.# ##'##
#...# ###
#####...#
#!!!!#...#...#
+?[(!#.∩.'...#
#??!!#...#..∩#
### #########


You could see a water moccasin zombie, 4 hobgoblin zombies and a kobold zombie.

Vanquished Creatures
  2 adder zombies (Ossuary)
  A quokka (D:5)
3 creatures vanquished.

Notes
Turn   | Place    | Note
-------+----------+-------------------------------------------
     0 | D:5      | British0li the Demonspawn Delver began the quest for the
                  | Orb.
     0 | D:5      | Reached XP level 1. HP: 18/18 MP: 1/1
    56 | D:5      | Found a sand-covered staircase.
    64 | Ossuary  | Entered an ossuary
    84 | Ossuary  | Gained mutation: You regenerate magic rapidly. [demonic
                  | ancestry]
    84 | Ossuary  | Reached XP level 2. HP: 17/24 MP: 2/2
   125 | Ossuary  | Slain by a hobgoblin zombie

Illustrated notes

Levels and vault maps discovered:
D:5:      nicolae_cairo_tiling_large, layout_rooms, nicolae_vehumet_altar_sigil,
          serial_shops, nicolae_shop_real_fake_doors,
          chequers_ossuary_entry_cave
Ossuary:  ossuary_tomb_2

Skill      XL: |  1 |
---------------+----+-----
Long Blades    | 2 |  2.0
Dodging        | 2 |  2.0
Fighting       | |  3.1
Stealth        | |  4.6

Action                     || total
---------------------------++-------
  Melee: Falchion          ||    23
    Use: Scroll            ||     1
   Stab: Sleeping          ||     1
 Armour: Leather armour    ||    18
  Dodge: Dodged            ||    37

Table legend: (Time is in decaauts)
 A = Elapsed time spent in this place.
 B = Non-inter-level travel time spent in this place.
 C = Inter-level travel time spent in this place.
 D = Time resting spent in this place.
 E = Time spent auto-exploring this place.
 F = Levels seen in this place.
 G = Mean time per level.
                   A        B        C        D        E       F      G
               +--------+--------+--------+--------+--------+-----+--------+
         Total |    129 |     84 |     45 |      0 |     30 |   2 |   64.5 |
       Dungeon |     65 |     20 |     45 |      0 |      0 |   1 |   65.0 |
       Ossuary |     64 |     64 |      0 |      0 |     30 |   1 |   64.0 |
               +--------+--------+--------+--------+--------+-----+--------+

Top non-repeatable levels by time:
     D:5: 65 daAuts
 Ossuary: 64 daAuts
